 Dungeon Crawl Stone Soup version 0.28-a0-622-gbaef9634d7 (webtiles) character file.

Game seed: 13009141173942832814

3158 siradein the Skirmisher (level 9, 0/71 HPs)
             Began as a Demonspawn Gladiator on Oct 7, 2021.
             Slain by a death yak (4 damage)
             ... on level 8 of the Dungeon.
             The game lasted 00:24:08 (12385 turns).

siradein the Skirmisher (Demonspawn Gladiator)     Turns: 12385, Time: 00:24:09

Health: 0/71       AC:  7    Str: 17    XL:     9   Next: 62%
Magic:  0/9        EV: 15    Int:  9    God:
Gold:   382        SH:  0    Dex: 16    Spells: 6/8 levels left

rFire   . . .      SeeInvis .   x - +0 lajatang (speed)
rCold   . . .      Faith    .   (shield currently unavailable)
rNeg    . . .      Spirit   +   C - +0 steam dragon scales
rPois   .          Reflect  .   c - +0 helmet
rElec   .          Harm     .   (no cloak)
rCorr   +          Rampage  .   g - +0 pair of gloves
Will    .....                   (no boots)
Stlth   +.........              (no amulet)
HPRegen 0.21/turn               l - ring of flight
MPRegen 0.22/turn               e - ring of resist corrosion

@: flying
A: claws 1, foul stench 1, magic shield, magic regeneration
a: no special abilities


You were on level 8 of the Dungeon.
You visited 2 branches of the dungeon, and saw 9 of its levels.

You collected 382 gold pieces.

Inventory:

Hand Weapons
 x - a +0 lajatang of speed (weapon)
Missiles
 d - 2 throwing nets
 f - 4 curare-tipped darts
 j - 14 boomerangs
 F - a silver boomerang
 H - a poisoned dart (quivered)
Armour
 c - a +0 helmet (worn)
 g - a +0 pair of gloves (worn)
 C - +0 steam dragon scales (worn)
Jewellery
 e - a ring of resist corrosion (right hand)
 k - an amulet of faith
 l - a ring of flight (left hand)
 q - a +6 ring of intelligence
Wands
 B - a wand of mindburst (10)
 D - a wand of iceblast (8)
Scrolls
 h - 13 scrolls of identify {unknown}
 n - 2 scrolls of fear {unknown}
 o - 2 scrolls of blinking {unknown}
 r - 5 scrolls of teleportation {unknown}
 s - a scroll of amnesia {unknown}
 t - a scroll of noise {unknown}
 y - a scroll of acquirement {unknown}
 A - a scroll of holy word {unknown}
 G - a scroll of summoning
Potions
 a - a potion of haste {unknown}
 b - a potion of might
 i - 2 potions of invisibility {unknown}
 m - 3 potions of curing {unknown}
 p - 2 potions of brilliance {unknown}
 u - 5 potions of heal wounds
 v - a potion of mutation {unknown}
 w - a potion of flight {unknown}
 z - a potion of cancellation {unknown}
 E - 2 potions of lignification {unknown}


   Skills:
 + Level 6.7 Fighting
 - Level 4.0(5.1) Maces & Flails
 + Level 4.7(5.5) Staves
 + Level 6.1 Throwing
 + Level 6.4 Dodging
 + Level 3.7 Transmutations


You had 6 spell levels left.
You knew the following spells:

 Your Spells              Type           Power      Damage    Failure   Level
a - Wereblood             Tmut           6%         N/A       14%         2

Your spell library contained the following spells:

 Spells                   Type           Power      Damage    Failure   Level
 Beastly Appendage        Tmut           12%        N/A       9%          1
 Freeze                   Ice            0%         1d3       38%         1
 Spider Form              Tmut/Pois      1%         N/A       50%         3
 Slow                     Hex            0%         N/A       52%         2
 Confusing Touch          Hex            0%         N/A       77%         3
 Frozen Ramparts          Ice            0%         1d2       77%         3
 Airstrike                Air            0%         N/A       99%         4
 Hailstorm                Conj/Ice       0%         3d3       99%         4
 Passage of Golubria      Tloc           N/A        N/A       99%         4
 Summon Lightning Spire   Summ/Air       0%         N/A       99%         4
 Yara's Violent Unravell  Hex/Tmut       1%         3d3       99%         5
 Lightning Bolt           Conj/Air       0%         1d11      100%        5
 Silence                  Hex/Air        0%         N/A       100%        5
 Lehudib's Crystal Spear  Conj/Erth      0%         10d2      100%        8


Dungeon Overview and Level Annotations

Branches:
Dungeon (8/15)             Temple (1/1) D:5            Lair (0/6) D:8

Altars:
Ashenzari
Cheibriados
Dithmenos
Elyvilon
Fedhas
Gozag
Kikubaaqudgha
Makhleb
Nemelex Xobeh
Okawaru
Qazlal
Ru
Trog
Uskayaw
Vehumet
Xom
Yredelemnul
Zin

Shops:
D:3 *   D:5 !   D:6 *

Annotations:
D:5 Crazy Yiuf


Innate Abilities, Weirdness & Mutations

You have sharp fingernails.
You may rarely emit foul miasma when damaged in melee.
When hurt, damage is shared between your health and your magic reserves.
You regenerate magic rapidly.


Message History

2 stones; a +0 dagger The death yak bellows!
The orc shouts!
The orc hits you with a +0 long sword.
You hit the orc but do no damage. The orc closely misses you.
The wyvern zombie misses you. The orc completely misses you.
The wyvern zombie bites you. The death yak gores you!
There is a stone staircase leading down here.
The death yak closely misses you.
The orc warrior shouts!
The death yak snorts and paws the ground.
The orc shouts!
The orc warrior hits you with a +0 flail.
The death yak bellows!
You hit the orc warrior.
The orc warrior is lightly wounded.
The death yak completely misses you. The death yak gores you!
The orc warrior hits you with a +0 flail!
The death yak gores you!
* * * LOW HITPOINT WARNING * * *
The orc warrior misses you.
The orc drinks a potion.
The orc seems to grow stronger.
The orc warrior hits you with a +0 flail.
* * * LOW HITPOINT WARNING * * *
Found a +0 dagger.
The death yak snorts and paws the ground.
You see here a poisoned dart.
Found a staircase to the Lair.
Found a scroll labelled YXEELOIGOS.
Found a forked lead wand and a sapphire potion.
Found a halberd.
The death yak snorts and paws the ground.
The orc warrior hits you with a +0 flail!
* * * LOW HITPOINT WARNING * * *
The orc barely misses you.
The death yak snorts and paws the ground.
The death yak gores you!
* * * LOW HITPOINT WARNING * * *
The death yak gores you.
You die...

####!...#..........###...
#.....................(..
#.....)...#.........(....
#.../.......>o##.((...#.#
#.............#.((###.#.#
#....Y...oYo.#.....##.#.#
#####.Y.Y..?.......##...#
#Y#YY......###.####.#
#..o@..##### ## ###
########


You could see 7 death yaks, an orc warrior and 3 orcs.

Vanquished Creatures
  A death yak (D:8)
  A wyvern (D:7)
  2 steam dragons
  A water moccasin (D:7)
  An acid dragon (D:8)
  An orc warrior (D:7)
  2 ice beasts (D:7)
  A black bear (D:6)
  A centaur (D:7)
  A kobold brigand (D:8)
  2 bullfrogs (D:7)
  A water moccasin zombie (D:6)
  Blork the orc (D:6)
  A scorpion (D:6)
  3 killer bees (D:7)
  A howler monkey (D:8)
  2 centaur zombies (D:8)
  5 orc priests
  3 hounds
  3 jellies
  A gnoll shaman (D:7)
  2 iguanas
  8 orc wizards
  A hound zombie (D:5)
  A hound skeleton (D:4)
  A howler monkey zombie (D:8)
  11 gnolls
  5 adders
  A shadow imp (D:5)
  An adder skeleton (D:4)
  3 worms
  A dart slug (D:5)
  26 orcs
  9 bats
  6 endoplasms
  4 giant cockroaches
  6 goblins
  6 hobgoblins
  6 kobolds
  5 quokkas
  6 ball pythons
  3 frilled lizards
  A rat (D:2)
148 creatures vanquished.

Vanquished Creatures (others)
  2 plants (D:1)
2 creatures vanquished.

Grand Total: 150 creatures vanquished

Notes
Turn   | Place    | Note
-------+----------+-------------------------------------------
     0 | D:1      | siradein the Demonspawn Gladiator began the quest for the
                  | Orb.
     0 | D:1      | Reached XP level 1. HP: 16/16 MP: 1/1
    46 | D:1      | Found a faded altar of an unknown god.
   509 | D:1      | Gained mutation: You may rarely emit foul miasma when
                  | damaged in melee. [demonic ancestry]
   509 | D:1      | Reached XP level 2. HP: 22/22 MP: 2/2
  1346 | D:2      | Gained mutation: You regenerate magic rapidly. [demonic
                  | ancestry]
  1346 | D:2      | Reached XP level 3. HP: 17/28 MP: 3/3
  1641 | D:2      | You fall into a shaft and drop 1 floor!
  1710 | D:3      | Found an opulent altar of Gozag.
  2476 | D:3      | Found Kosiuppa's General Store.
  2790 | D:4      | Gained mutation: You have sharp fingernails. [demonic
                  | ancestry]
  2790 | D:4      | Reached XP level 4. HP: 31/34 MP: 4/4
  2867 | D:4      | Found a sacrificial altar of Ru.
  3279 | D:4      | Reached XP level 5. HP: 23/41 MP: 5/5
  3579 | D:4      | Found a snail-covered altar of Cheibriados.
  5249 | D:5      | Entered Level 5 of the Dungeon
  5278 | D:5      | Reached XP level 6. HP: 34/47 MP: 6/6
  5377 | D:5      | Found a staircase to the Ecumenical Temple.
  5473 | Temple   | Entered the Ecumenical Temple
  6049 | D:5      | Found Sengoon's Distillery.
  6371 | D:5      | Reached skill level 1 in Staves
  6371 | D:5      | Reached XP level 7. HP: 53/54 MP: 7/7
  6467 | D:5      | Found a runed translucent door.
  6468 | D:5      | Noticed Crazy Yiuf
  6818 | D:5      | Found a radiant altar of Vehumet.
  6925 | D:5      | Found a shadowy altar of Dithmenos.
  7591 | D:6      | Noticed Blork the orc
  7599 | D:6      | Killed Blork the orc
  7737 | D:6      | Found Ipaciybi's Gadget Gallery.
  8056 | D:6      | Noticed a steam dragon
  8067 | D:6      | Killed a steam dragon
  8349 | D:6      | Reached skill level 5 in Fighting
  8349 | D:6      | Reached skill level 5 in Dodging
  8349 | D:6      | Gained mutation: When hurt, damage is shared between your
                  | health and your magic reserves. [demonic ancestry]
  8349 | D:6      | Reached XP level 8. HP: 60/62 MP: 8/8
  8368 | D:6      | Learned a level 2 spell: Wereblood
  8842 | D:7      | Found a shimmering altar of Xom.
  8842 | D:7      | Noticed an angel
  8937 | D:7      | Reached skill level 1 in Transmutations
  9125 | D:7      | Reached skill level 5 in Throwing
  9479 | D:7      | Noticed a deep elf pyromancer
 10091 | D:8      | Reached XP level 9. HP: 48/69 MP: 7/9
 10307 | D:8      | Noticed a boulder beetle
 11055 | D:8      | Found an ancient bone altar of Kikubaaqudgha.
 11132 | D:8      | Found a broken altar of Ashenzari.
 11155 | D:8      | Noticed a death yak
 11227 | D:8      | Killed a death yak
 11442 | D:8      | Noticed a death yak
 11442 | D:8      | Noticed a death yak
 11443 | D:8      | Noticed a death yak
 11443 | D:8      | Noticed a death yak
 11604 | D:8      | Noticed a death yak
 11604 | D:8      | Noticed a death yak
 11606 | D:8      | Noticed a death yak
 11801 | D:8      | Noticed a death yak
 12362 | D:8      | Found a staircase to the Lair.
 12385 | D:8      | Slain by a death yak

Illustrated notes

Levels and vault maps discovered:
D:1:      co_arrival_two_rings, layout_loops_corners,
          ebering_ecumenical_altar_mist, serial_forest,
          infiniplex_forest_lined_1, infiniplex_forest_lined_room_2,
          infiniplex_forest_end_3, infiniplex_forest_lined_3
D:2:      layout_basic, minmay_pentomino_q4
D:3:      layout_rooms, grunt_gozag_breadcrumbs, serial_shops, shop,
          lemuel_old_faithful
D:4:      layout_basic, cheibrodos_worm_habitat, nicolae_ru_sacrificial_ziggurat
D:5:      layout_loops_ring, vehumet_crystals, grunt_dithmenos_shadows,
          minmay_temple_entry_overgrown, serial_shops, shop_fountains,
          uniq_crazy_yiuf_cottage
D:6:      layout_basic, nicolae_shop_gadgets, uniq_blork_the_orc
D:7:      layout_basic, grunt_temple_overflow_order_and_chaos_1
D:8:      layout_rooms, nicolae_hepliaklqana_hippocampus, old_standard_altar,
          kennysheep_mini, dpeg_lair_monsters
Temple:   jpeg_temple_island

Skill      XL: |  1  2  3  4  5  6  7  8  9 |
---------------+----------------------------+-----
Throwing       | 2 3 4 5 6 |  6.1
Maces & Flails | 3 4 |  4.0
Dodging        | 3 4 5 6 |  6.4
Fighting       | 3 4 5 6 |  6.7
Staves         | 1 2 3 4 |  4.7
Transmutations | 2 3 |  3.7

Action                   |  1- 3 |  4- 6 |  7- 9 || total
-------------------------+-------+-------+-------++-------
Melee: Flail             |   144 |   159 |       ||   303
       Lajatang          |       |    33 |   275 ||   308
Throw: Boomerang         |       |       |     2 ||     2
       Dart              |       |       |    14 ||    14
       Throwing net      |       |       |     1 ||     1
 Cast: Wereblood         |       |       |     6 ||     6
  Use: Potion            |       |       |     1 ||     1
 Stab: Sleeping          |     3 |     1 |     1 ||     5
Armor: Leather armour    |    51 |    59 |     9 ||   119
       Steam dragon scal |       |       |    61 ||    61
Dodge: Dodged            |   133 |   144 |   213 ||   490

Table legend: (Time is in decaauts)
 A = Elapsed time spent in this place.
 B = Non-inter-level travel time spent in this place.
 C = Inter-level travel time spent in this place.
 D = Time resting spent in this place.
 E = Time spent auto-exploring this place.
 F = Levels seen in this place.
 G = Mean time per level.
                   A        B        C        D        E       F      G
               +--------+--------+--------+--------+--------+-----+--------+
         Total |  12405 |  12166 |    239 |   1289 |   8339 |   9 | 1378.3 |
       Dungeon |  12011 |  11805 |    206 |   1289 |   7983 |   8 | 1501.4 |
        Temple |    393 |    360 |     33 |      0 |    356 |   1 |  393.0 |
               +--------+--------+--------+--------+--------+-----+--------+

Top non-repeatable levels by time:
     D:4: 2173 daAuts
     D:6: 2052 daAuts
     D:7: 1983 daAuts
     D:3: 1424 daAuts
     D:1: 1328 daAuts
     D:5: 1270 daAuts
     D:8: 1185 daAuts
     D:2: 592 daAuts
  Temple: 393 daAuts
